 Dungeon Crawl Stone Soup version 0.30-a0-381-g6ea064c7b4 (webtiles) character file.

Game seed: 7989077371967034623

2462 leviel the Chopper (level 9, -13/72 HPs)
             Began as a Hill Orc Fighter on Dec 1, 2022.
             Was an Elder of Hepliaklqana.
             Killed from afar by Erica (29 damage)
             ... with a lance of force
             ... on level 8 of the Dungeon.
             The game lasted 00:11:11 (8968 turns).

leviel the Chopper (Hill Orc Fighter)               Turns: 8968, Time: 00:11:11

Health: -13/72     AC: 18    Str: 21    XL:     9   Next: 50%
Magic:  9/9        EV:  6    Int: 10    God:    Hepliaklqana [****..]
Gold:   532        SH:  5    Dex: 10    Spells: 8/8 levels left

rFire   + . .      SeeInvis .    a - +1 war axe
rCold   + . .      Faith    .    c - +0 buckler
rNeg    + . .      Spirit   .    k - +5 plate armour {rC+}
rPois   .          Reflect  .    (no helmet)
rElec   .          Harm     .    (no cloak)
rCorr   .          Rampage  .    (no gloves)
Will    .....                    (no boots)
Stlth   ..........               (no amulet)
HPRegen 0.32/turn                n - ring of protection from fire
MPRegen 0.11/turn                w - ring of positive energy

@: lethally poisoned (-13 -> -26)
A: reduced essence
a: Renounce Religion, Recall Ancestor, Ancestor Identity, Transference, Idealise


You were on level 8 of the Dungeon.
You worshipped Hepliaklqana.
Hepliaklqana was greatly pleased with you.
You visited 1 branch of the dungeon, and saw 8 of its levels.
You also visited: Ossuary.

You collected 1454 gold pieces.
You spent 922 gold pieces at shops.

Inventory:

Hand Weapons
 a - a +1 war axe (weapon)
Missiles
 o - 3 poisoned darts
 u - 5 curare-tipped darts (quivered)
Armour
 c - a +0 buckler (worn)
 k - a +5 plate armour of cold resistance (worn)
Jewellery
 n - a ring of protection from fire (left hand)
 w - a ring of positive energy (right hand)
Wands
 d - a wand of charming (3)
 l - a wand of flame (33)
Scrolls
 b - 2 scrolls of blinking {unknown}
 g - 8 scrolls of identify {@r1}
 m - 3 scrolls of magic mapping
 p - 7 scrolls of teleportation
 s - 2 scrolls of fear
 t - a scroll of immolation
 y - a scroll of amnesia
Potions
 e - a potion of berserk rage
 f - 5 potions of curing {unknown}
 h - 3 potions of lignification {unknown}
 i - a potion of degeneration
 j - 2 potions of mutation {unknown}
 q - a potion of magic {unknown}
 r - 2 potions of haste {unknown}
 v - a potion of cancellation {unknown}
 x - a potion of resistance {unknown}
 z - 2 potions of heal wounds {unknown}
 A - a potion of ambrosia {unknown}
 B - a potion of attraction {unknown}
 D - a potion of might


   Skills:
 + Level 7.7 Fighting
 + Level 7.7 Axes
 + Level 4.8 Throwing
 + Level 7.0 Armour
 + Level 7.0 Shields


You had 8 spell levels left.
You didn't know any spells.
Your spell library contained the following spells:

 Spells                   Type           Power      Damage    Failure   Level
 Kiss of Death            Conj/Necr      0%         2d5       100%        1
 Shock                    Conj/Air       0%         1d3       100%        1
 Confusing Touch          Hex            0%         N/A       100%        3
 Swiftness                Air            0%         N/A       100%        3
 Airstrike                Air            0%         2d(0-16)  100%        4
 Dispel Undead            Necr           0%         3d6       100%        4


Dungeon Overview and Level Annotations

Branches:
Dungeon (8/15)             Temple (0/1) D:6            Lair (0/5) D:8
Ossuary (visited)

Altars:
Elyvilon
Hepliaklqana
Nemelex Xobeh
Ru
Uskayaw
Yredelemnul

Shops:
D:1 *   D:4 [   D:5 *

Annotations:
D:6 2 transporters
D:8 Erica


Message History

You feel very sick.
Erica says, "I love to fight, but killing is better."
Erica hits you with a +4 scimitar of flaming!
Erica burns you.
Iltani gestures at Erica while chanting.
The puff of frost hits Erica.
You are too injured to fight recklessly!
You are too injured to fight recklessly!
You are too injured to fight recklessly!
You are too injured to fight recklessly!
You are too injured to fight recklessly!
You are too injured to fight recklessly!
You are too injured to fight recklessly!
You are too injured to fight recklessly!
You are too injured to fight recklessly!
You barely miss Erica.
Erica is severely wounded.
You feel very sick.
Erica hits you with a +4 scimitar of flaming.
You closely miss Erica.
Erica is severely wounded.
You feel very sick.
Erica gestures wildly while chanting.
Erica flickers and vanishes!
Deactivating autopickup; reactivate with Ctrl-A.
You hear some strange, mumbled words.
A bolt of poison appears from out of thin air!
The bolt of poison hits you!!
You are more poisoned.
* * * LOW HITPOINT WARNING * * *
The bolt of poison hits Iltani.
Iltani completely resists.
You slash something!
* * * LOW HITPOINT WARNING * * *
You feel very sick.
Iltani gestures next to you while chanting.
You hear some strange, mumbled words.
A lance of force appears from out of thin air!
The lance of force hits you!!
You die...

. #
###############
#.?...........#
#.###########.#
#R# #.# #@# #.#
#{# #.#### #.#
#.##.. #.#
#.##.# ..#
#.##.# ..#
#....# ###
######


You could see the friendly Iltani the battlemage.

Vanquished Creatures
  2 yaks (D:8)
  A steam dragon (D:7)
  3 ogres
  A centaur (D:7)
  A bullfrog (D:7)
  A necrophage (D:4)
  2 scorpions
  2 hounds
  3 jellies
  An orc priest (D:4)
  An iguana (D:4)
  An orc wizard (D:5)
  9 mummies (Ossuary)
  8 adders
  2 shadow imps
  A white imp (D:8)
  A worm (D:4)
  2 dart slugs
  17 orcs
  6 ball pythons
  6 bats
  7 endoplasms
  A giant cockroach (D:2)
  4 goblins
  3 hobgoblins
  3 quokkas
  4 frilled lizards
  2 gnoll skeletons (Ossuary)
  2 goblin skeletons (Ossuary)
  5 kobolds
  2 kobold skeletons (Ossuary)
  7 rats
  8 rat skeletons (Ossuary)
119 creatures vanquished.

Vanquished Creatures (collateral kills)
  A yak (D:8)
  A steam dragon (D:6)
  An orc warrior (D:6)
  A centaur (D:5)
  2 bullfrogs
  A scorpion (D:5)
  2 howler monkeys (D:7)
  2 orc priests (D:6)
  An iguana (D:5)
  2 orc wizards
  5 mummies (Ossuary)
  An adder (D:4)
  A shadow imp (D:8)
  10 orcs
  A gnoll skeleton (Ossuary)
  A goblin skeleton (Ossuary)
  A jackal zombie (D:6)
  3 rat skeletons (Ossuary)
  A rat zombie (D:6)
38 creatures vanquished.

Vanquished Creatures (others)
  2 ancestors (D:4)
  2 plants (D:1)
4 creatures vanquished.

Grand Total: 161 creatures vanquished

Notes
Turn   | Place    | Note
-------+----------+-------------------------------------------
     0 | D:1      | leviel the Hill Orc Fighter began the quest for the Orb.
     0 | D:1      | Reached XP level 1. HP: 19/19 MP: 1/1
   365 | D:1      | Reached XP level 2. HP: 27/27 MP: 2/2
   742 | D:1      | Found Oroiw's General Store.
   755 | D:1      | Reached XP level 3. HP: 33/33 MP: 3/3
  1153 | D:1      | Found a faded altar of an unknown god.
  1567 | D:2      | Found a hazy altar of Hepliaklqana.
  1606 | D:2      | Reached XP level 4. HP: 40/40 MP: 4/4
  1630 | D:2      | Became a worshipper of Hepliaklqana the Forgotten
  1845 | D:3      | Found a sacrificial altar of Ru.
  1845 | D:3      | Found a hide-covered altar of Uskayaw.
  1989 | D:3      | Identified the +9 spear of Qazlal's Generosity {pain,
                  | Str+2}
  2021 | D:3      | Reached skill level 1 in Throwing
  2062 | D:3      | Reached XP level 5. HP: 13/47 MP: 5/5
  2747 | D:3      | Reached * piety under Hepliaklqana
  2930 | D:4      | Reached XP level 6. HP: 30/49 MP: 6/6
  2945 | D:4      | Identified the +1 chain mail of the Shining Light {*Slow
                  | Will+ rCorr Dex+6}
  3068 | D:4      | Reached skill level 5 in Fighting
  3299 | D:5      | Entered Level 5 of the Dungeon
  3321 | D:5      | Reached XP level 7. HP: 23/54 MP: 7/7
  3469 | D:4      | Reached skill level 5 in Axes
  3689 | D:4      | Found Roagolax's Armour Shoppe.
  4096 | D:4      | Reached skill level 5 in Shields
  4111 | D:4      | Reached skill level 5 in Armour
  4239 | D:5      | Reached ** piety under Hepliaklqana
  4558 | D:5      | Identified a scroll of acquirement
  4558 | D:5      | Acquired 1115 gold pieces
  5239 | D:5      | Remembered your ancestor Iltani as a battlemage
  5331 | D:5      | Found Reacykk's General Store.
  5467 | D:5      | Reached XP level 8. HP: 61/63 MP: 8/8
  5937 | D:5      | Bought a potion of degeneration for 14 gold pieces
  5937 | D:5      | Bought a +3 plate armour of cold resistance for 630 gold
                  | pieces
  5937 | D:5      | Bought a wand of flame (12) for 117 gold pieces
  6099 | D:1      | Bought a wand of flame (21) for 161 gold pieces
  6434 | D:6      | Found a sand-covered staircase.
  6447 | Ossuary  | Entered an ossuary
  7246 | D:6      | Reached *** piety under Hepliaklqana
  7317 | D:6      | Found a white marble altar of Elyvilon.
  7320 | D:6      | Noticed a two-headed ogre
  7320 | D:6      | Noticed a red ugly thing
  7329 | D:6      | Found a transporter.
  7495 | D:6      | Found a staircase to the Ecumenical Temple.
  7687 | D:6      | Found a transporter.
  7825 | D:7      | Reached XP level 9. HP: 62/71 MP: 9/9
  8227 | D:7      | Reached **** piety under Hepliaklqana
  8327 | D:7      | Found a basalt altar of Yredelemnul.
  8438 | D:7      | Found a sparkling altar of Nemelex Xobeh.
  8755 | D:8      | Found a staircase to the Lair.
  8959 | D:8      | Noticed Erica
  8968 | D:8      | Killed from afar by Erica

Illustrated notes

Levels and vault maps discovered:
D:1:      dpeg_cavernosity, layout_basic, serial_corexii_hall,
          chequers_hall_statues_wall_a, chequers_hall_statues_wall_a,
          corexii_hall_statues_deadend, chequers_hall_statues_wall_a,
          corexii_hall_statues_s, corexii_hall_statues_u, serial_shops,
          nicolae_shop_waterfront, chequers_ecumenical_altar_lobes
D:2:      layout_rooms, basic_altar
D:3:      layout_basic, gammafunk_temple_overflow_elements
D:4:      layout_basic, serial_shops, nicolae_shop_behind_doors
D:5:      layout_basic, serial_shops, nicolae_lakefront_shop,
          chequers_serial_rivers_room_b
D:6:      layout_layer_cave, gammafunk_temple_overflow_arena,
          minmay_temple_entry_slanted, enter_ossuary_3
D:7:      layout_loops_cross, general_overflow_altar, old_standard_altar,
          chequers_serial_rivers_micro_d
D:8:      layout_loops_ring, lair_entry_dummy,
          eino_small_chamber_without_monster, uniq_erica, uniq_maurice

Skill      XL: |  1  2  3  4  5  6  7  8  9 |
---------------+----------------------------+-----
Axes           | 3 4 5 7 |  7.7
Fighting       | 4 5 7 |  7.7
Throwing       | 1 2 3 4 |  4.8
Armour         | 4 5 6 7 |  7.0
Shields        | 4 5 6 7 |  7.0

Action                   |  1- 3 |  4- 6 |  7- 9 || total
-------------------------+-------+-------+-------++-------
Melee: War axe           |    84 |   111 |   251 ||   446
Throw: Dart              |    25 |       |     4 ||    29
Invok: Ancestor Life: Ba |       |       |     1 ||     1
       Recall Ancestor   |       |       |     1 ||     1
  Use: Potion            |       |     1 |       ||     1
       Scroll            |       |       |    13 ||    13
 Stab: Distracted        |       |       |     3 ||     3
Armor: Scale mail        |    45 |    43 |    42 ||   130
       Plate armour      |       |       |    77 ||    77
Dodge: Dodged            |    34 |    75 |    65 ||   174
Block: Buckler           |    18 |    18 |    49 ||    85

Table legend: (Time is in decaauts)
 A = Elapsed time spent in this place.
 B = Non-inter-level travel time spent in this place.
 C = Inter-level travel time spent in this place.
 D = Time resting spent in this place.
 E = Time spent auto-exploring this place.
 F = Levels seen in this place.
 G = Mean time per level.
                   A        B        C        D        E       F      G
               +--------+--------+--------+--------+--------+-----+--------+
         Total |   9100 |   8279 |    821 |    675 |   6248 |   9 | 1011.1 |
       Dungeon |   8486 |   7665 |    821 |    610 |   5926 |   8 | 1060.8 |
       Ossuary |    613 |    613 |      0 |     65 |    322 |   1 |  613.0 |
               +--------+--------+--------+--------+--------+-----+--------+

Top non-repeatable levels by time:
     D:5: 2004 daAuts
     D:1: 1376 daAuts
     D:4: 1317 daAuts
     D:3: 1192 daAuts
     D:6: 847 daAuts
     D:7: 763 daAuts
 Ossuary: 613 daAuts
     D:2: 548 daAuts
     D:8: 435 daAuts
